 Dungeon Crawl Stone Soup version 0.30-a0-870-gc5d4c5acee (webtiles) character file.

Game seed: 1345073156833505917

548 bande the Chopper (level 7, -5/44 HPs)
             Began as a Gargoyle Fighter on Mar 12, 2023.
             Slain by Pikel
             ... wielding a +0 whip of freezing
              (7 damage)
             ... on level 5 of the Dungeon.
             The game lasted 00:06:03 (3683 turns).

bande the Chopper (Gargoyle Fighter)                Turns: 3683, Time: 00:06:04

Health: -5/44      AC: 29    Str: 20    XL:     7   Next: 28%
Magic:  7/7        EV:  5    Int: 10    God:
Gold:   731        SH:  4    Dex: 11    Spells: 6/6 levels left

rFire   . . .      SeeInvis .    g - +0 broad axe (freeze)
rCold   . . .      Faith    .    c - +0 buckler
rNeg    + . .      Spirit   .    h - +10 plate armour of Meager Creativity {Int+2}
rPois   ∞          Reflect  .    (no helmet)
rElec   +          Rampage  .    v - +1 cloak
rCorr   .                        (no gloves)
Will    +....                    (no boots) Stlth
                                 (no amulet)
HPRegen 0.27/turn                m - ring of willpower
MPRegen 0.10/turn                (no ring)

@: mighty
A: sickness immunity, AC +4, negative energy resistance 1, electricity
resistance, torment resistance 1, petrification resistance
a: no special abilities


You were on level 5 of the Dungeon.
You visited 1 branch of the dungeon, and saw 5 of its levels.

You collected 927 gold pieces.
You spent 196 gold pieces at shops.

Inventory:

Hand Weapons
 a - a +0 war axe
 g - a +0 broad axe of freezing (weapon)
 k - a +0 flail
Armour
 c - a +0 buckler (worn)
 h - the +10 plate armour of Meager Creativity (worn) {Int+2}
   (You found it on level 3 of the Dungeon)

   Int:       It affects your intelligence (+2).
 v - a +1 cloak (worn)
Jewellery
 m - a ring of willpower (left hand)
Wands
 o - a wand of paralysis (4)
Scrolls
 n - a scroll of fear
 q - 2 scrolls of identify
Potions
 b - 2 potions of curing {unknown}
 d - a potion of might
 e - 2 potions of brilliance
 f - 3 potions of attraction {unknown}
 i - a potion of degeneration {unknown}
 j - 2 potions of heal wounds {unknown}
 l - a potion of lignification {unknown}
 r - 3 potions of invisibility {unknown}
 s - 2 potions of resistance {unknown}
 u - 2 potions of flight {unknown}


   Skills:
 + Level 4.3 Fighting
 + Level 5.3 Axes
 + Level 5.0 Armour
 + Level 4.2 Shields
 * Level 0.3 Evocations


You had 6 spell levels left.
You didn't know any spells.
Your spell library contained the following spells:

 Spells                   Type           Power      Damage    Failure   Level
 Blink                    Tloc           0%         N/A       100%        2
 Lesser Beckoning         Tloc           0%         N/A       100%        2
 Momentum Strike          Conj/Tloc      0%         3d8       100%        2


Dungeon Overview and Level Annotations

Branches:
Dungeon (5/15)
 Temple: D:4-7

Altars:
Kikubaaqudgha
Trog
Wu Jian

Shops:
D:2 (

Annotations:
D:5 Pikel


Innate Abilities, Weirdness & Mutations

You are immune to sickness and miasma.
Your stone body is resilient. (AC +4)
You are immune to poison.
You resist negative energy. (rN+)
You are resistant to electric shocks. (rElec)
You are resistant to unholy torment.
You are immune to petrification.


Message History

* * * LOW HITPOINT WARNING * * *
Your Armour skill increases to level 5!
You hit Pikel but do no damage.
Pikel is moderately wounded.
You closely miss the lemure. You hit the lemure. You freeze the lemure.
You kill the lemure!
That felt strangely unrewarding.
The lemure hits you but does no damage. Pikel hits you but does no damage.
The lemure hits you but does no damage. Pikel hits you but does no damage.
You barely miss Pikel.
Pikel is moderately wounded.
You hit the lemure but do no damage. The lemure hits you but does no damage.
Pikel hits you with a +0 whip of freezing.
* * * LOW HITPOINT WARNING * * *
Pikel freezes you.
* * * LOW HITPOINT WARNING * * *
You feel very mighty all of a sudden. The lemure hits you but does no damage.
Pikel barely misses you.
You closely miss Pikel.
Pikel is moderately wounded.
You slash the lemure! You freeze the lemure.
You kill the lemure!
That felt strangely unrewarding.
Pikel hits you with a +0 whip of freezing.
* * * LOW HITPOINT WARNING * * *
Pikel freezes you.
* * * LOW HITPOINT WARNING * * *
You hit Pikel but do no damage.
Pikel is lightly wounded.
Pikel hits you but does no damage. x2
You miss Pikel.
Pikel is lightly wounded.
Pikel hits you with a +0 whip of freezing.
* * * LOW HITPOINT WARNING * * *
Pikel freezes you.
* * * LOW HITPOINT WARNING * * *
You hit Pikel. You freeze Pikel.
Pikel is moderately wounded.
Pikel hits you with a +0 whip of freezing!
You die...

#.# ... # #
#.###.#
#.#.####.....#
#.#....#..##.#
#.#..........#
####.#.###.....##
....#...#.#†...#
#.#.###.#.#@...#
#.#.......#.K..#
##.........#..#.#
#....####..#....#
#...<.# #..#.##.#
#.......#..#.# .#
...........#..#.#
#
#..........#..#.#
#..........#..#


You could see Pikel.

Vanquished Creatures
  The ghost of jimonade the Magician, an amateur DjWr (D:4)
  Sigmund (D:3)
  4 lemures (D:5)
  A hound (D:5)
  A sleepcap (D:5)
  An orc wizard (D:4)
  3 adders
  A worm (D:3)
  8 orcs (D:4)
  15 ball pythons
  A bat (D:1)
  6 endoplasms
  A giant cockroach (D:4)
  7 hobgoblins
  7 jackals (D:2)
  2 quokkas (D:2)
  3 frilled lizards (D:1)
  7 goblins
  6 kobolds
  3 rats
79 creatures vanquished.

Notes
Turn   | Place    | Note
-------+----------+-------------------------------------------
     0 | D:1      | bande the Gargoyle Fighter began the quest for the Orb.
     0 | D:1      | Reached XP level 1. HP: 14/14 MP: 1/1
     3 | D:1      | Noticed an electric eel
     4 | D:1      | Noticed an electric eel
   289 | D:1      | Reached XP level 2. HP: 19/19 MP: 2/2
   290 | D:1      | Found a faded altar of an unknown god.
   778 | D:2      | Found Baec's Antique Weapon Emporium.
   864 | D:2      | Reached XP level 3. HP: 23/23 MP: 3/3
   888 | D:2      | Identified a scroll of acquirement
   888 | D:2      | Acquired 732 gold pieces
   896 | D:2      | Bought a runed broad axe for 196 gold pieces
  1176 | D:2      | Reached XP level 4. HP: 29/29 MP: 4/4
  1350 | D:3      | Identified the +10 plate armour of Meager Creativity
                  | {Int+2}
  1473 | D:3      | Found an ornate altar of the Wu Jian Council.
  2135 | D:3      | Noticed Sigmund
  2148 | D:3      | Killed Sigmund
  2149 | D:3      | Reached XP level 5. HP: 31/33 MP: 5/5
  2149 | D:3      | Reached XP level 6. HP: 36/38 MP: 6/6
  2875 | D:4      | Found a runed translucent door.
  2884 | D:4      | Noticed jimonade's ghost (amateur DjWr)
  3026 | D:4      | Found an ancient bone altar of Kikubaaqudgha.
  3106 | D:4      | Found a bloodstained altar of Trog.
  3444 | D:4      | Killed jimonade's ghost
  3445 | D:4      | Reached skill level 5 in Axes
  3445 | D:4      | Reached XP level 7. HP: 38/44 MP: 7/7
  3647 | D:5      | Entered Level 5 of the Dungeon
  3658 | D:5      | Noticed Pikel
  3677 | D:5      | Reached skill level 5 in Armour
  3682 | D:5      | HP: 2/44 [Pikel/+0 whip of freezing (1)]
  3683 | D:5      | Slain by Pikel

Illustrated notes

Levels and vault maps discovered:
D:1:      arrival_aquarium_b, layout_loops_ring, basic_ecumenical_altar,
          minivault_26
D:2:      layout_basic, serial_shops, shop, minmay_shallow_snake_nest
D:3:      layout_loops_cross, mainiacjoe_overflow_chevrons,
          dreamdust_princess_bridge, uniq_sigmund
D:4:      layout_gridville, kennysheep_little_box, kiku_gazebo_garden_becter,
          ebering_ghost_sewer_d
D:5:      layout_basic, minitemple, portal_sewer_entry_f, uniq_pikel, uniq_ijyb,
          uniq_duvessa, uniq_grinder

Skill      XL: |  1  2  3  4  5  6  7 |
---------------+----------------------+-----
Axes           | 2 4 5 |  5.3
Fighting       | 4 |  4.3
Armour         | 4 5 |  5.0
Shields        | 4 |  4.2
Evocations     | |  0.3

Action                     |  1- 3 |  4- 6 |  7- 9 || total
---------------------------+-------+-------+-------++-------
  Melee: War axe           |    75 |       |       ||    75
         Broad axe         |    45 |   105 |    22 ||   172
    Use: Scroll            |     4 |     5 |       ||     9
         Potion            |       |       |     1 ||     1
 Armour: Scale mail        |    56 |       |       ||    56
         Plate armour      |       |    87 |    53 ||   140
  Dodge: Dodged            |    71 |    36 |    16 ||   123
  Block: Buckler           |    33 |    24 |    11 ||    68

Table legend: (Time is in decaauts)
 A = Elapsed time spent in this place.
 B = Non-inter-level travel time spent in this place.
 C = Inter-level travel time spent in this place.
 D = Time resting spent in this place.
 E = Time spent auto-exploring this place.
 F = Levels seen in this place.
 G = Mean time per level.
                   A        B        C        D        E       F      G
               +--------+--------+--------+--------+--------+-----+--------+
         Total |   3809 |   3598 |    211 |    228 |   2629 |   5 |  761.8 |
       Dungeon |   3809 |   3598 |    211 |    228 |   2629 |   5 |  761.8 |
               +--------+--------+--------+--------+--------+-----+--------+

Top non-repeatable levels by time:
     D:2: 1111 daAuts
     D:4: 1055 daAuts
     D:3: 804 daAuts
     D:1: 794 daAuts
     D:5: 43 daAuts
